 Dungeon Crawl Stone Soup version 0.22.0-27-ga576289 (webtiles) character file.

267 Faca the Poker (level 6, -12/51 HPs)
             Began as a Merfolk Gladiator on Aug 21, 2018.
             Splashed by Ijyb's acid (13 damage)
             ... on level 4 of the Dungeon.
             The game lasted 00:05:28 (2819 turns).

Faca the Poker (Merfolk Gladiator)                  Turns: 2819, Time: 00:05:28

Health: -12/51     AC:  6    Str: 17    XL:     6   Next: 21%
Magic:  6/6        EV: 13    Int:  7    God:
Gold:   166        SH:  0    Dex: 20    Spells: 5/5 levels left

rFire    . . .     SeeInvis .   a - +0 trident
rCold    . . .     Gourm    .   (no shield)
rNeg     . . .     Faith    .   h - +0 ring mail
rPois    .         Spirit   .   c - +0 helmet
rElec    .         Reflect  .   (no cloak)
rCorr    .         Harm     .   (no gloves)
MR       .....                  (no boots)
Stlth    +.........             (no amulet)
HPRegen  0.17/turn              e - +3 ring of dexterity
MPRegen  0.10/turn              i - +2 ring of strength

@: no status effects
A: change form in water, swift swim, stealthy swim
a: no special abilities


You were on level 4 of the Dungeon.
You were not hungry.

You visited 1 branch of the dungeon, and saw 4 of its levels.

You collected 166 gold pieces.

Inventory:

Hand Weapons
 a - a +0 trident (weapon)
Missiles
 d - 3 throwing nets (quivered)
Armour
 c - a +0 helmet (worn)
 h - a +0 ring mail (worn)
Jewellery
 e - a +3 ring of dexterity (left hand)
 i - a +2 ring of strength (right hand)
Scrolls
 b - a scroll of random uselessness {unknown}
 g - 5 scrolls of identify {unknown}
 k - 2 scrolls of fear {unknown}
 l - a scroll of remove curse {unknown}
 m - a scroll of immolation {unknown}
 n - a scroll of teleportation {unknown}
Potions
 j - a potion of lignification {unknown}
Comestibles
 f - 5 rations


   Skills:
 + Level 5.1 Fighting
 + Level 7.5 Polearms
 - Level 2.0 Throwing
 - Level 4.0 Dodging


You had 5 spell levels left.
You didn't know any spells.
Your spell library was empty.

Dungeon Overview and Level Annotations

Branches:
Dungeon (4/15)
 Temple: D:4-7

Altars:
Nemelex Xobeh
Ru
Xom

Annotations:
D:4 Eustachio, Ijyb


Message History

The hound closely misses you.
Eustachio casts a spell.
The hound bites you.
The rat disappears in a puff of smoke!
The quokka disappears in a puff of smoke!
The quokka closely misses you. The bat closely misses you.
You found a teleport trap!
The bat misses you.
Eustachio casts a spell.
Eustachio blinks!
The hound barely misses you. The bat closely misses you.
Eustachio mumbles some strange words.
Ijyb zaps a wand.
The bolt of acid hits the quokka.
The quokka is splashed with acid.
The acid corrodes the quokka!
The quokka dies!
The quokka's corpse disappears in a puff of smoke!
The bolt of acid hits you!
Ouch! That really hurt!
* * * LOW HITPOINT WARNING * * *
You are splashed with acid!
The acid burns!
You die...

.... .......... .....
#......... . ......
#........# .. .......
#........# .# ........
#........# ..# ........
#........#...# .......
#............# #.....
#...h@...########.....
#...h....##...........
##...ยง..^.##...........
#.....b@..##.........).
#...g.5...##......<....
#......#...............
#$.....#...............
#....rr#......@........
#......#.......#.......


You could see Eustachio, Ijyb, 2 hounds, a river rat, an ufetubus, a quokka and
a bat.

Vanquished Creatures
  A howler monkey (D:4)
  An orc priest (D:3)
  An orc wizard (D:3)
  A worker ant (D:3)
  A gnoll (D:1)
  2 adders (D:3)
  An ooze (D:2)
  A worm (D:2)
  A dart slug (D:1)
  6 leopard geckos
  9 orcs (D:3)
  3 ball pythons
  9 bats
  7 giant cockroaches
  2 goblins
  12 hobgoblins
  11 jackals
  9 kobolds
  2 quokkas
  6 frilled lizards
  5 rats
91 creatures vanquished.

Notes
Turn   | Place    | Note
-------+----------+-------------------------------------------
     0 | D:1      | Faca the Merfolk Gladiator began the quest for the Orb.
     0 | D:1      | Reached XP level 1. HP: 16/16 MP: 1/1
   101 | D:1      | Reached XP level 2. HP: 21/23 MP: 2/2
   126 | D:1      | Reached skill level 5 in Polearms
   480 | D:1      | Reached XP level 3. HP: 25/29 MP: 3/3
  1061 | D:2      | Reached XP level 4. HP: 35/35 MP: 4/4
  1088 | D:2      | Found a shimmering altar of Xom.
  1248 | D:2      | Reached skill level 6 in Polearms
  1575 | D:3      | Reached XP level 5. HP: 34/42 MP: 5/5
  2278 | D:3      | Found a sparkling altar of Nemelex Xobeh.
  2379 | D:3      | Reached skill level 7 in Polearms
  2519 | D:3      | Reached XP level 6. HP: 50/50 MP: 6/6
  2542 | D:3      | Found a sacrificial altar of Ru.
  2782 | D:4      | Noticed Ijyb
  2784 | D:4      | Noticed Eustachio
  2785 | D:4      | Reached skill level 5 in Fighting
  2819 | D:4      | HP: 1/51 [Ijyb/wand of acid (13) (26)]
  2819 | D:4      | Splashed by Ijyb's acid

Skill      XL: |  1  2  3  4  5  6 |
---------------+-------------------+-----
Polearms       | 5 6 7 |  7.5
Fighting       | 3 4 5 |  5.1
Throwing       | |  2.0
Dodging        | |  4.0

Action                   |  1- 3 |  4- 6 || total
-------------------------+-------+-------++-------
Melee: Trident           |   109 |   167 ||   276
  Use: Potion            |       |     4 ||     4
 Stab: Sleeping          |     1 |       ||     1
  Eat: Chunk             |     1 |     1 ||     2
       Ration            |       |     2 ||     2
Armor: Ring mail         |    31 |    40 ||    71
Dodge: Dodged            |    96 |   131 ||   227
